[Event "Titled Tuesday Blitz July 4 Early 2023"]
[White "Slovineanu, Viacheslav"]
[Black "Pinheiro, Iung Alicio de O."]
[WhiteFideId "13900510"]
[BlackFideId "2104350"]
[WhiteElo "2268"]
[BlackElo "2581"]
[Result "0-1"]
[Round "1"]
[TimeControl "180+2"]
[Date "2023.07.04"]
[WhiteClock "0:00:00"]
[BlackClock "0:00:08"]
[Board "180"]

1. d4 Nf6 2. Nf3 e6 3. c4 Bb4+ 4. Nbd2 O-O 5. a3 Be7 6. e3 d6 7. Bd3 e5 8. O-O Nc6 9. d5 Nb8 10. b4 a5 11. Rb1 c6 12. e4 Na6 13. Re1 axb4 14. axb4 c5 15. bxc5 Nxc5 16. Bc2 Ne8 17. Nb3 Na4 18. Qd3 b6 19. Be3 f5 20. exf5 Bxf5 21. Qd2 Qd7 22. Ra1 Bg4 23. Ng5 Bxg5 24. Bxg5 Nf6 25. Be3 Bf5 26. h3 Ne4 27. Qb4 Nec5 28. Nxc5 Nxc5 29. Bxf5 Qxf5 30. Rxa8 Rxa8 31. Qxb6 Nd3 32. Rf1 Qg6 33. c5 dxc5 34. Qxg6 hxg6 35. Rb1 c4 36. Rb6 Rc8 37. Rc6 Rd8 38. Rxc4 Rxd5 39. Rc7 Nf4 40. Kh2 Ne6 41. Rc8+ Kf7 42. g3 Kf6 43. Kg2 Nd4 44. Bxd4 exd4 45. Rc2 d3 46. Rd2 Ke5 47. Kf3 Kd4 48. h4 Kc3 49. Rd1 Kc2 50. Ra1 d2 51. Ke4 Rd8 0-1


[Site "https://www.chess.com"]

[Event "Titled Tuesday Blitz July 4 Early 2023"]
[White "Becerra, Juan David"]
[Black "laimis61"]
[WhiteFideId "4404998"]
[WhiteElo "2579"]
[BlackElo "2268"]
[Result "1-0"]
[Round "1"]
[TimeControl "180+2"]
[Date "2023.07.04"]
[WhiteClock "0:00:34"]
[BlackClock "0:00:00"]
[Board "181"]

1. e4 d6 2. d4 Nf6 3. Nc3 e5 4. Nge2 Be7 5. h3 O-O 6. g4 c6 7. a4 Nbd7 8. Bg2 h6 9. f4 Re8 10. O-O Bf8 11. Be3 exd4 12. Bxd4 Nc5 13. e5 dxe5 14. Bxe5 Qxd1 15. Raxd1 Be6 16. a5 a6 17. Ng3 Rad8 18. Bxf6 gxf6 19. f5 Bc4 20. Rxd8 Rxd8 21. Rd1 Rxd1+ 22. Nxd1 Bd5 23. Bxd5 cxd5 24. Ne3 d4 25. Nd5 Kg7 26. Kf1 Nd7 27. Ke2 Ne5 28. Nh5+ Kh8 29. b3 Ba3 30. Nhxf6 Kg7 31. Ne4 Bc1 32. Nd2 h5 33. Nf3 hxg4 34. Nxe5 gxh3 35. f6+ Kh6 36. Nxf7+ Kh5 37. Kf3 Bd2 38. b4 h2 39. Kg2 Kg4 40. Nd6 Bh6 41. f7 h1=Q+ 42. Kxh1 Bf8 43. Nxb7 Kf3 44. Nc5 Ke2 45. Ne6 Bd6 46. Nxd4+ Kd2 47. c4 1-0


[Site "https://www.chess.com"]

[Event "Titled Tuesday Blitz July 4 Early 2023"]
[White "Modric, Nesa"]
[Black "Terletsky, Oleg"]
[WhiteFideId "922579"]
[BlackFideId "14116774"]
[WhiteElo "2263"]
[BlackElo "2578"]
[Result "0-1"]
[Round "1"]
[TimeControl "180+2"]
[Date "2023.07.04"]
[WhiteClock "0:00:08"]
[BlackClock "0:00:19"]
[Board "182"]

1. d4 Nf6 2. Nf3 g6 3. Bg5 Bg7 4. Nbd2 d5 5. e3 O-O 6. Bd3 c5 7. c3 Nc6 8. O-O h6 9. Bh4 cxd4 10. exd4 g5 11. Bg3 Nh5 12. Qc2 f6 13. Rae1 Nxg3 14. fxg3 e5 15. Bf5 e4 16. Bxc8 Rxc8 17. Nxe4 dxe4 18. Qxe4 f5 19. Qe6+ Kh8 20. g4 Qf6 21. gxf5 Qxf5 22. Qb3 Qd7 23. Re6 Rce8 24. Rfe1 Rxe6 25. Rxe6 Qf7 26. h3 Nd8 27. Rd6 Qf4 28. Qd5 Nf7 29. Rd7 g4 30. hxg4 Ng5 31. Nxg5 hxg5 32. Qxb7 Qf2+ 33. Kh2 Rf6 34. Qa8+ Bf8 35. Qf3 Rh6+ 36. Qh3 Rxh3+ 0-1


[Site "https://www.chess.com"]

[Event "Titled Tuesday Blitz July 4 Early 2023"]
[White "Pasti, Aron"]
[Black "Kohler, Aran"]
[WhiteFideId "785857"]
[BlackFideId "1002856"]
[WhiteElo "2577"]
[BlackElo "2259"]
[Result "1-0"]
[Round "1"]
[TimeControl "180+2"]
[Date "2023.07.04"]
[WhiteClock "0:01:25"]
[BlackClock "0:00:03"]
[Board "183"]

1. e4 c6 2. d4 d5 3. Nc3 dxe4 4. Nxe4 Bf5 5. Ng3 Bg6 6. h4 h6 7. Nf3 Nd7 8. h5 Bh7 9. Bd3 Bxd3 10. Qxd3 e6 11. Bd2 Ngf6 12. O-O-O Be7 13. Kb1 Qc7 14. Ne4 O-O-O 15. c4 Nc5 16. Nxc5 Bxc5 17. g3 Bxd4 18. Nxd4 c5 19. Bf4 Qb6 20. Nb5 Rxd3 21. Rxd3 a6 22. Nd6+ Kb8 23. Nxf7+ Ka7 24. Nxh8 Qb4 25. Rc1 Ne4 26. f3 Nf2 27. Rdc3 Qa5 28. Ng6 Qd8 29. Ne5 Nh3 30. Rd3 Qc8 31. Be3 Ng5 32. Nd7 b6 33. Bxg5 hxg5 34. Rcd1 Qc6 35. Ne5 1-0


[Site "https://www.chess.com"]

[Event "Titled Tuesday Blitz July 4 Early 2023"]
[White "SicilianPanzer"]
[Black "Kim, Sergey"]
[BlackFideId "13700570"]
[WhiteElo "2247"]
[BlackElo "2576"]
[Result "1/2-1/2"]
[Round "1"]
[TimeControl "180+2"]
[Date "2023.07.04"]
[WhiteClock "0:00:04"]
[BlackClock "0:00:21"]
[Board "184"]

1. e4 e5 2. Nc3 Nf6 3. Bc4 Bc5 4. d3 Nc6 5. f4 d6 6. Nf3 Bg4 7. h3 Bxf3 8. Qxf3 Nd4 9. Qd1 c6 10. fxe5 dxe5 11. Bg5 Qd6 12. a3 b5 13. Ba2 h6 14. Bh4 a5 15. Rf1 Ra7 16. Ne2 Nh7 17. Nxd4 Bxd4 18. c3 Be3 19. Qf3 Bg5 20. Bxf7+ Kd8 21. Qf2 Rxf7 22. Qxf7 Bxh4+ 23. Kd2 Bf6 24. Qa7 Re8 25. Qxa5+ Qc7 26. Qb4 Kd7 27. Rad1 Qd6 28. Qb3 Qe6 29. Qc2 Bg5+ 30. Ke2 Nf6 31. g4 h5 32. d4 exd4 33. Rxd4+ Kc7 34. Rf5 Nxe4 35. Kd1 g6 36. Rxg5 Nxg5 37. Qf2 Ne4 38. Qf4+ Qe5 39. Rxe4 Qxf4 40. Rxf4 Kd6 41. gxh5 gxh5 42. Rf5 Rg8 43. Kd2 Rg2+ 44. Kc1 h4 45. Rf4 Rg1+ 46. Kc2 Rg2+ 47. Kb1 Rg1+ 48. Ka2 Kd5 49. Rxh4 c5 50. Rh5+ Kc4 51. Rh4+ Kd3 52. Rh5 Kc4 53. Rh4+ Kd3 54. Rg4 Rh1 55. h4 Rh2 56. Rg3+ Kc4 57. Rg4+ Kd3 58. a4 bxa4 59. Rxa4 c4 60. Ka3 Rxh4 61. b3 Kxc3 62. Rxc4+ Rxc4 63. bxc4 Kxc4 1/2-1/2


[Site "https://www.chess.com"]

[Event "Titled Tuesday Blitz July 4 Early 2023"]
[White "Krstulovic, Alex"]
[Black "Putri, Regita Desyari"]
[WhiteFideId "760056"]
[BlackFideId "7109083"]
[WhiteElo "2572"]
[BlackElo "2247"]
[Result "1-0"]
[Round "1"]
[TimeControl "180+2"]
[Date "2023.07.04"]
[WhiteClock "0:01:56"]
[BlackClock "0:00:18"]
[Board "185"]

1. d4 Nf6 2. c4 e6 3. Nf3 b6 4. Bf4 Bb7 5. Nc3 Bb4 6. e3 O-O 7. Rc1 d5 8. cxd5 Nxd5 9. Bg3 Nd7 10. Bd3 c5 11. O-O Bxc3 12. bxc3 Rc8 13. e4 Ne7 14. Bd6 Re8 15. e5 Nf5 16. Qe2 Nxd6 17. exd6 Bxf3 18. Qxf3 e5 19. Bb5 e4 20. Qh3 Nf6 21. Bxe8 Qxd6 22. Qxc8 1-0


[Site "https://www.chess.com"]

[Event "Titled Tuesday Blitz July 4 Early 2023"]
[White "Peiris, T G M"]
[Black "Frolyanov, Dmitry"]
[WhiteFideId "9901310"]
[BlackFideId "4151976"]
[WhiteElo "2244"]
[BlackElo "2570"]
[Result "0-1"]
[Round "1"]
[TimeControl "180+2"]
[Date "2023.07.04"]
[WhiteClock "0:00:03"]
[BlackClock "0:00:17"]
[Board "186"]

1. e4 e5 2. f4 d5 3. exd5 exf4 4. Nf3 Nf6 5. d4 Nxd5 6. Bc4 Be7 7. Bxd5 Qxd5 8. O-O O-O 9. Bxf4 Bg4 10. Nc3 Qh5 11. h3 Bxf3 12. Qxf3 Qxf3 13. Rxf3 Nc6 14. Rd1 Bf6 15. d5 Nd4 16. Rf2 Nf5 17. Rf3 Rac8 18. Kh1 Nd4 19. Rf2 Rfe8 20. Bg3 c5 21. dxc6 Nxc6 22. Rfd2 Bxc3 23. bxc3 Na5 24. Rd3 h6 25. Kh2 Re6 26. Rd7 Rxc3 27. R1d5 b6 28. Rd2 Rec6 29. Rxa7 Rxc2 30. Rd8+ Kh7 31. Rxf7 Rxa2 32. Rd3 Rcc2 33. Be5 Rxg2+ 34. Kh1 Rg5 35. Bd4 Nc6 36. Be3 Rb5 37. Rd1 Ne5 38. Rg1 Nxf7 39. Bd4 Ng5 40. h4 Rb3 41. Rg2 Rh3+ 42. Kg1 Rxg2+ 43. Kxg2 Rxh4 44. Bf2 Rc4 45. Be3 b5 46. Kf2 b4 47. Ke2 b3 48. Kd3 Rc7 49. Bd4 Rb7 50. Kc3 Ne6 51. Be5 b2 0-1


[Site "https://www.chess.com"]

[Event "Titled Tuesday Blitz July 4 Early 2023"]
[White "Przybylski, Wojciech"]
[Black "Xavier_mompel"]
[WhiteFideId "1117599"]
[WhiteElo "2570"]
[BlackElo "2236"]
[Result "1-0"]
[Round "1"]
[TimeControl "180+2"]
[Date "2023.07.04"]
[WhiteClock "0:00:15"]
[BlackClock "0:00:00"]
[Board "187"]

1. d4 d5 2. Nf3 Nf6 3. c4 c6 4. Nc3 e6 5. Qb3 Nbd7 6. g3 Bd6 7. Bg2 O-O 8. O-O Qe7 9. Bf4 a5 10. Na4 dxc4 11. Bxd6 Qxd6 12. Qc2 b5 13. Nc3 Bb7 14. Rad1 b4 15. Na4 Ba6 16. e4 Qe7 17. Rfe1 Rfd8 18. Nd2 e5 19. Nxc4 exd4 20. e5 Nd5 21. Rxd4 Bxc4 22. Rxc4 Rac8 23. Bxd5 Nxe5 24. Bxc6 Rxc6 25. Kg2 Rxc4 26. Qxc4 Nxc4 27. Rxe7 Kf8 28. Rc7 Nd6 29. Rc5 Nb7 30. Rc7 Nd6 31. Ra7 Re8 32. Kf3 g5 33. Rxa5 f5 34. Rd5 Ke7 35. Nc5 1-0


[Site "https://www.chess.com"]

[Event "Titled Tuesday Blitz July 4 Early 2023"]
[White "Warchol, Kamil"]
[Black "Solovchuk, Oleksiy"]
[WhiteFideId "21858241"]
[BlackFideId "14115220"]
[WhiteElo "2235"]
[BlackElo "2567"]
[Result "0-1"]
[Round "1"]
[TimeControl "180+2"]
[Date "2023.07.04"]
[WhiteClock "0:00:03"]
[BlackClock "0:00:18"]
[Board "188"]

1. e4 c5 2. Nf3 d6 3. d4 cxd4 4. Nxd4 Nf6 5. Nc3 a6 6. f4 g6 7. e5 dxe5 8. fxe5 Nd5 9. Bc4 Nxc3 10. bxc3 Bg7 11. O-O O-O 12. Qd3 e6 13. Bf4 Nd7 14. Rae1 b5 15. Bb3 Nc5 16. Qg3 Nxb3 17. cxb3 h6 18. Qe3 g5 19. Bg3 Bb7 20. Qf2 Rc8 21. Re3 b4 22. Ne2 bxc3 23. Nxc3 Qd4 24. Ne2 Qd2 25. h4 Rc2 26. hxg5 hxg5 27. Kh1 Rxa2 28. Kh2 a5 29. Nc1 Qxf2 30. Rxf2 Rxf2 31. Bxf2 Rc8 32. Nd3 Rc3 33. Ne1 Rxe3 34. Bxe3 Bxe5+ 35. Kg1 f6 36. Kf1 Bd5 37. Ke2 Bxb3 38. Kd2 a4 39. Nd3 Bd6 40. Bd4 e5 41. Ba1 Kf7 42. Nc1 Bc5 43. Kd3 Ke6 44. Bc3 Bd5 45. Ba1 Bxg2 46. Ne2 f5 47. Nc3 Bd5 48. Nxa4 e4+ 49. Kd2 Bb4+ 50. Nc3 f4 51. Ke2 Bc4+ 52. Kf2 e3+ 53. Ke1 Kf5 54. Kd1 g4 55. Ne2 Bb3+ 56. Kc1 Ke4 57. Nc3+ Bxc3 58. Bxc3 g3 59. Kb2 g2 60. Ka3 Bc4 61. Kb4 Bd3 62. Kc5 g1=Q 63. Bb4 Qb1 64. Kb6 Qxb4+ 65. Kc7 Qc5+ 66. Kd7 Qb6 67. Ke7 Bc4 68. Kf8 Qa7 69. Ke8 Qc7 0-1


[Site "https://www.chess.com"]

[Event "Titled Tuesday Blitz July 4 Early 2023"]
[White "Roebers, Eline"]
[Black "Andreassen, Lars"]
[WhiteFideId "1058401"]
[BlackFideId "1504878"]
[WhiteElo "2567"]
[BlackElo "2222"]
[Result "1/2-1/2"]
[Round "1"]
[TimeControl "180+2"]
[Date "2023.07.04"]
[WhiteClock "0:00:09"]
[BlackClock "0:00:09"]
[Board "189"]

1. f4 d5 2. Nf3 g6 3. g3 Bg7 4. Bg2 Nf6 5. O-O O-O 6. d3 c5 7. Qe1 Nc6 8. e4 dxe4 9. dxe4 e5 10. f5 gxf5 11. Nh4 fxe4 12. Bg5 h6 13. Bxf6 Bxf6 14. Nf5 Bxf5 15. Rxf5 Nd4 16. Rf2 Qb6 17. c3 Nf3+ 18. Bxf3 exf3 19. Nd2 Qxb2 20. Ne4 Qb6 21. Rb1 Qe6 22. Nxc5 Qc6 23. Ne4 Bg7 24. Rxf3 f5 25. Nd2 e4 26. Re3 Rae8 27. Qd1 Rd8 28. Qb3+ Kh8 29. Nf1 f4 30. gxf4 Rxf4 31. Ng3 Qc5 32. Re1 Rf3 33. Nxe4 Qf8 34. Qc2 Rxe3 35. Rxe3 Re8 36. Rg3 Qf5 37. Re3 h5 38. Qg2 Qf4 39. Re2 Rg8 40. Ng3 h4 41. Qh3 Bxc3 42. Kh1 Bd4 43. Re4 Qf3+ 44. Qg2 Qxg2+ 45. Kxg2 hxg3 46. Rxd4 gxh2+ 47. Kxh2 Rg7 48. Rf4 Kg8 49. a4 Rf7 50. Rc4 Kf8 51. Kg3 Ke8 52. Rd4 Rd7 53. Re4+ Kd8 54. Kf4 Kc7 55. Rb4 b6 56. Ke5 Re7+ 57. Kd5 Rh7 58. Rc4+ Kb7 59. Rf4 Rh5+ 60. Kc4 a5 61. Kb3 Ka6 62. Re4 Rh3+ 63. Ka2 Rd3 64. Rg4 Rd5 65. Rh4 Rd3 66. Rg4 Rc3 67. Rh4 Kb7 68. Rh6 Rc6 69. Rh7+ Ka6 70. Rh5 Rc5 71. Rh4 b5 72. Rh6+ Kb7 73. axb5 Rxb5 74. Ka3 Rg5 75. Ka4 Rf5 76. Rg6 Rh5 77. Rf6 Re5 78. Rg6 Rf5 79. Rh6 Rg5 80. Rf6 Re5 81. Rg6 Ka7 82. Rd6 Rf5 83. Rg6 Re5 84. Rf6 Rd5 85. Re6 Rc5 86. Rf6 Rh5 87. Re6 Rg5 88. Rf6 Rh5 89. Re6 Rg5 90. Rf6 Rh5 1/2-1/2


[Site "https://www.chess.com"]

[Event "Titled Tuesday Blitz July 4 Early 2023"]
[White "Samarth J Rao"]
[Black "Sowa, Ryan"]
[WhiteFideId "46652370"]
[BlackFideId "30901693"]
[WhiteElo "2220"]
[BlackElo "2566"]
[Result "1-0"]
[Round "1"]
[TimeControl "180+2"]
[Date "2023.07.04"]
[WhiteClock "0:00:52"]
[BlackClock "0:00:29"]
[Board "190"]

1. d4 b6 2. Nf3 Bb7 3. e3 Nf6 4. Bd3 e6 5. O-O Be7 6. Nbd2 c5 7. Qe2 O-O 8. c3 d5 9. dxc5 bxc5 10. e4 Nc6 11. Re1 Qc7 12. exd5 exd5 13. Nf1 Rfe8 14. Bg5 Bd6 15. Qc2 Ne4 16. Bxe4 dxe4 17. Rxe4 Ne5 18. Rh4 Nxf3+ 19. gxf3 g6 20. Kg2 Be7 21. Qd2 Rad8 22. Qc1 Rd5 23. Bxe7 Qxe7 24. Qh6 Qg5+ 25. Qxg5 Rxg5+ 26. Ng3 Rf5 27. Nxf5 gxf5 28. Rf4 Re2 29. Rxf5 c4 30. b3 Bc8 31. Rf4 1-0


[Site "https://www.chess.com"]

[Event "Titled Tuesday Blitz July 4 Early 2023"]
[White "Parpiev, Isaak"]
[Black "tomobeast"]
[WhiteFideId "34281576"]
[WhiteElo "2566"]
[BlackElo "2220"]
[Result "0-1"]
[Round "1"]
[TimeControl "180+2"]
[Date "2023.07.04"]
[WhiteClock "0:00:01"]
[BlackClock "0:00:12"]
[Board "191"]

1. Nf3 Nf6 2. b3 g6 3. Bb2 Bg7 4. g3 O-O 5. Bg2 d6 6. d4 Nbd7 7. O-O b6 8. c4 Bb7 9. Nc3 e5 10. Qc2 Re8 11. d5 a5 12. e4 Nc5 13. Nd2 Bc8 14. a3 Na6 15. Nd1 h5 16. h4 Ng4 17. Bc3 f5 18. exf5 Bxf5 19. Ne4 Nc5 20. f3 Nf6 21. Ndf2 Rf8 22. b4 axb4 23. axb4 Ncxe4 24. fxe4 Bd7 25. Qe2 Ng4 26. Nh3 Bh6 27. Kh1 Rxf1+ 28. Rxf1 Ne3 29. Re1 Bg4 30. Qf2 Ra3 31. Bd2 Nxg2 32. Bxh6 Nxe1 33. Qxe1 Bxh3 34. Qf2 Qe7 35. Kh2 Bg4 36. c5 Qf7 37. Qxf7+ Kxf7 38. cxd6 cxd6 0-1


[Site "https://www.chess.com"]

[Event "Titled Tuesday Blitz July 4 Early 2023"]
[White "Sariego Figueredo, Wilfredo"]
[Black "HamedWafa4"]
[WhiteFideId "3500080"]
[WhiteElo "2217"]
[BlackElo "2565"]
[Result "0-1"]
[Round "1"]
[TimeControl "180+2"]
[Date "2023.07.04"]
[WhiteClock "0:00:00"]
[BlackClock "0:00:09"]
[Board "192"]

1. d4 Nf6 2. Bf4 b5 3. Nf3 Bb7 4. e3 b4 5. Nbd2 e6 6. Be2 c5 7. O-O Be7 8. c3 O-O 9. cxb4 cxb4 10. Rc1 Nc6 11. Re1 d5 12. Nb3 Ne4 13. Nfd2 Nxd2 14. Qxd2 Rc8 15. Nc5 Ba8 16. Ba6 Rc7 17. Bxc7 Qxc7 18. b3 Bd6 19. g3 h5 20. Rc2 h4 21. Rec1 Qd8 22. Bb5 Ne7 23. Nd3 Qb6 24. Ba4 Bb7 25. Nc5 Bc8 26. Nd7 Bxd7 27. Bxd7 Nf5 28. Qd3 g6 29. g4 Ne7 30. Qb5 Qd8 31. Bc6 Nc8 32. Qe2 Nb6 33. Bb5 h3 34. Qf3 Qg5 35. Rc6 Bb8 36. Qxh3 Kg7 37. Qf3 Rh8 38. h3 Rh4 39. Bf1 Rh8 40. Bg2 e5 41. dxe5 Qxe5 42. Qg3 Qxg3 43. fxg3 Bxg3 44. Rd1 Re8 45. Bxd5 Rxe3 46. Rc7 Bxc7 0-1


[Site "https://www.chess.com"]

[Event "Titled Tuesday Blitz July 4 Early 2023"]
[White "WindWhistler11"]
[Black "Tsyhanchuk, Stanislav"]
[BlackFideId "13505130"]
[WhiteElo "2565"]
[BlackElo "2209"]
[Result "0-1"]
[Round "1"]
[TimeControl "180+2"]
[Date "2023.07.04"]
[WhiteClock "0:00:00"]
[BlackClock "0:00:04"]
[Board "193"]

1. Nf3 Nf6 2. g3 d5 3. c4 d4 4. e3 c5 5. exd4 cxd4 6. d3 h6 7. Bg2 Nc6 8. O-O e6 9. Na3 Bc5 10. Nc2 a5 11. Rb1 O-O 12. b3 e5 13. Nd2 Bf5 14. Qe2 Re8 15. f3 Nb4 16. Nxb4 axb4 17. Ne4 Nxe4 18. fxe4 Be6 19. Rf5 Bxf5 20. exf5 Qf6 21. g4 Rab8 22. Qf2 b5 23. Bd5 bxc4 24. bxc4 Rbc8 25. Kg2 Red8 26. Be4 Rc7 27. h4 Ra7 28. g5 hxg5 29. hxg5 Qa6 30. Rb2 Kf8 31. Qh4 Ke7 32. Qh7 Raa8 33. Qxg7 Qd6 34. Bd5 Rf8 35. g6 Ra3 36. Bg5+ Kd7 37. Bxf7 Kc6 38. Bd5+ Kb6 0-1


[Site "https://www.chess.com"]

[Event "Titled Tuesday Blitz July 4 Early 2023"]
[White "Cueto, Jonny"]
[Black "Mamedov, Edgar"]
[WhiteFideId "3300145"]
[BlackFideId "13739980"]
[WhiteElo "2208"]
[BlackElo "2564"]
[Result "0-1"]
[Round "1"]
[TimeControl "180+2"]
[Date "2023.07.04"]
[WhiteClock "0:00:12"]
[BlackClock "0:00:44"]
[Board "194"]

1. d4 d5 2. Bf4 Nf6 3. e3 e6 4. Nf3 Bd6 5. Ne5 O-O 6. Nd2 c5 7. c3 Nc6 8. Bd3 Qc7 9. Ndf3 Ne4 10. O-O Ne7 11. h3 f6 12. Ng4 Bxf4 13. exf4 Qxf4 14. Re1 Bd7 15. g3 Qc7 16. Bxe4 dxe4 17. Rxe4 f5 18. Re1 fxg4 19. hxg4 Ng6 20. Qd3 c4 21. Qe3 Rae8 22. Rad1 Bc6 23. Ng5 Bd5 24. f4 h6 25. Ne4 Nxf4 26. gxf4 Rxf4 27. Nf2 Ref8 28. Rd2 Rf3 29. Qe5 Qf7 30. Ree2 Qg6 31. Qh5 Rg3+ 32. Kh2 Rg2+ 33. Kh3 Rf3+ 34. Kxg2 Rf5+ 35. Kf1 Rxh5 36. gxh5 Qg2+ 37. Ke1 Qg1# 0-1


[Site "https://www.chess.com"]

[Event "Titled Tuesday Blitz July 4 Early 2023"]
[White "Ambartsumova, Karina"]
[Black "Ivanova, Karina"]
[WhiteFideId "4166299"]
[BlackFideId "24139750"]
[WhiteElo "2562"]
[BlackElo "2207"]
[Result "1-0"]
[Round "1"]
[TimeControl "180+2"]
[Date "2023.07.04"]
[WhiteClock "0:00:28"]
[BlackClock "0:00:02"]
[Board "195"]

1. c4 c6 2. Nf3 d5 3. e3 e6 4. Nc3 Nf6 5. b3 Nbd7 6. Bb2 Be7 7. Qc2 O-O 8. Be2 b6 9. Rg1 Bb7 10. g4 e5 11. g5 Ne8 12. h4 e4 13. Nd4 Nd6 14. cxd5 cxd5 15. f3 exf3 16. Bxf3 Rc8 17. O-O-O Ne5 18. Be2 Ne4 19. Kb1 Bb4 20. h5 Qc7 21. Rc1 Nxc3+ 22. dxc3 Bc5 23. Nf5 g6 24. Nh6+ Kg7 25. Qd2 Rfe8 26. c4 dxc4 27. Bxc4 Be4+ 28. Ka1 Qe7 29. Nxf7 1-0


[Site "https://www.chess.com"]

[Event "Titled Tuesday Blitz July 4 Early 2023"]
[White "Fudalej, Michal"]
[Black "Asavasaetakul, Chawit"]
[WhiteFideId "1118781"]
[BlackFideId "6204856"]
[WhiteElo "2206"]
[BlackElo "2562"]
[Result "0-1"]
[Round "1"]
[TimeControl "180+2"]
[Date "2023.07.04"]
[WhiteClock "0:00:08"]
[BlackClock "0:00:41"]
[Board "196"]

1. Nf3 d5 2. g3 Nf6 3. Bg2 Bf5 4. b3 e6 5. Bb2 h6 6. O-O Be7 7. d3 O-O 8. Nbd2 a5 9. a3 Bh7 10. Qe1 a4 11. b4 c5 12. bxc5 Bxc5 13. c4 Nc6 14. cxd5 Nxd5 15. Nc4 Rc8 16. Rb1 b5 17. Nce5 b4 18. Nxc6 Rxc6 19. Ne5 Rb6 20. Nc4 Rb8 21. axb4 Bxb4 22. Qc1 Rc8 23. Ba1 Be7 24. Rb7 Bf6 25. Qa3 Bxa1 26. Rxa1 Qf6 27. Ra2 Bg6 28. Ra7 Rb8 29. Qc1 Nc3 30. Rc2 Rb1 31. Rxc3 Rxc1+ 32. Rxc1 Qd4 33. Rxa4 Rb8 34. Rca1 Qc3 35. Ra8 Rxa8 36. Rxa8+ Kh7 37. Ra2 Qe1+ 38. Bf1 Bf5 39. Kg2 Bh3+ 40. Kxh3 Qxf1+ 41. Kg4 Qxf2 42. Rd2 Qf5+ 43. Kh4 g5+ 44. Kh5 Qh3# 0-1


[Site "https://www.chess.com"]

[Event "Titled Tuesday Blitz July 4 Early 2023"]
[White "Siniauski, Artsiom"]
[Black "Mishra, Manoj"]
[WhiteFideId "13512269"]
[BlackFideId "5006007"]
[WhiteElo "2561"]
[BlackElo "2206"]
[Result "1-0"]
[Round "1"]
[TimeControl "180+2"]
[Date "2023.07.04"]
[WhiteClock "0:00:58"]
[BlackClock "0:00:16"]
[Board "197"]

1. e4 Nf6 2. e5 Nd5 3. d4 d6 4. c4 Nb6 5. f4 dxe5 6. fxe5 Nc6 7. Be3 Bf5 8. Nc3 e6 9. Nf3 Nb4 10. Rc1 c5 11. a3 cxd4 12. Nxd4 Nc6 13. Nxf5 Qxd1+ 14. Rxd1 exf5 15. Bf4 Be7 16. Bd3 g5 17. Bc1 f4 18. b4 Nxe5 19. c5 Nbc4 20. Nd5 Nxd3+ 21. Rxd3 Bd8 22. O-O O-O 23. h4 h6 24. hxg5 hxg5 25. Kf2 Ne5 26. Rh3 g4 27. Rh5 Nd3+ 28. Ke2 Nxc1+ 29. Rxc1 Kg7 30. Rch1 Rg8 31. Rh7+ Kf8 32. R1h5 Bg5 33. Rh8 Bd8 34. Rxg8+ Kxg8 35. Rf5 Kg7 36. Rxf4 f5 37. Rxf5 Kg6 38. Rf8 a5 39. b5 a4 40. c6 bxc6 41. bxc6 Kg7 42. Rf4 Ba5 43. Rxg4+ Kf7 44. Rxa4 Ke6 45. Nc7+ Bxc7 46. Rxa8 Kd6 47. g4 Kxc6 48. Rc8 Kd7 49. Rxc7+ Kxc7 50. a4 Kb6 51. g5 Ka5 52. g6 Kxa4 53. g7 Kb5 54. g8=Q Kc6 55. Qd8 Kc5 56. Qf6 Kc4 57. Qe5 Kb4 58. Qd5 Kc3 59. Qe4 Kb3 60. Qd4 Kc2 61. Qb4 Kc1 62. Kd3 Kd1 63. Qd2# 1-0


[Site "https://www.chess.com"]

[Event "Titled Tuesday Blitz July 4 Early 2023"]
[White "Nakhbayeva, Guliskhan"]
[Black "Gontcharov, Vladislav"]
[WhiteFideId "13704788"]
[BlackFideId "4123492"]
[WhiteElo "2203"]
[BlackElo "2561"]
[Result "0-1"]
[Round "1"]
[TimeControl "180+2"]
[Date "2023.07.04"]
[WhiteClock "0:00:00"]
[BlackClock "0:00:51"]
[Board "198"]

1. d4 Nf6 2. Nf3 c5 3. d5 e6 4. c4 exd5 5. cxd5 d6 6. Nc3 g6 7. e4 Bg7 8. h3 O-O 9. Bd3 b5 10. Nxb5 Re8 11. Nc3 Nxe4 12. Nxe4 f5 13. Nd2 fxe4 14. Nxe4 Bf5 15. Qc2 Bxe4 16. Bxe4 Qh4 17. O-O Qxe4 18. Qb3 Nd7 19. Qb7 Nb6 20. Be3 Qxd5 21. Qc7 Nc4 22. Rad1 Qf7 23. Qc6 Rac8 24. Qa6 Be5 25. Bc1 Nb6 26. b3 d5 27. a4 Bd4 28. a5 Na8 29. Qd3 Qf5 30. b4 Qxd3 31. Rxd3 Nc7 32. bxc5 Bxc5 33. Bb2 Re2 0-1


[Site "https://www.chess.com"]

[Event "Titled Tuesday Blitz July 4 Early 2023"]
[White "Aggelis, Nikolaos"]
[Black "VoicelessFeather"]
[WhiteFideId "4213220"]
[WhiteElo "2560"]
[BlackElo "2202"]
[Result "1-0"]
[Round "1"]
[TimeControl "180+2"]
[Date "2023.07.04"]
[WhiteClock "0:02:15"]
[BlackClock "0:00:07"]
[Board "199"]

1. c4 e5 2. b3 Nc6 3. Bb2 Nf6 4. Nc3 Bb4 5. g3 O-O 6. Nd5 d6 7. Bg2 Bf5 8. Nxb4 Nxb4 9. d3 c6 10. a3 Na6 11. e3 Nc5 12. e4 Bg4 13. f3 Bh5 14. Ne2 Re8 15. b4 Ne6 16. O-O a5 17. Kh1 Qc7 18. d4 exd4 19. Nxd4 Nxe4 20. g4 Nf6 21. gxh5 Nxh5 22. Nxe6 Rxe6 23. f4 g6 24. Qd4 Rf6 25. Bf3 Rxf4 26. Qh8# 1-0


[Site "https://www.chess.com"]

[Event "Titled Tuesday Blitz July 4 Early 2023"]
[White "Thiel, Thomas"]
[Black "Perez Candelario, Manuel"]
[WhiteFideId "4615964"]
[BlackFideId "2210622"]
[WhiteElo "2200"]
[BlackElo "2560"]
[Result "0-1"]
[Round "1"]
[TimeControl "180+2"]
[Date "2023.07.04"]
[WhiteClock "0:01:23"]
[BlackClock "0:01:22"]
[Board "200"]

1. e4 c5 2. Nc3 g6 3. d4 cxd4 4. Qxd4 Nf6 5. Be3 Nc6 6. Qd2 Bg7 7. f3 O-O 8. Nge2 Ne5 9. Nf4 d6 10. h4 h5 11. O-O-O Bd7 12. Be2 Rc8 13. Nfd5 Be6 14. Bxa7 Bxd5 15. Nxd5 Nxd5 16. Qxd5 b6 17. Qb7 Nd7 18. Qa6 Qc7 0-1


[Site "https://www.chess.com"]

[Event "Titled Tuesday Blitz July 4 Early 2023"]
[White "lagarto93"]
[Black "Kovacevic, Radmila"]
[BlackFideId "933171"]
[WhiteElo "2560"]
[BlackElo "2197"]
[Result "1/2-1/2"]
[Round "1"]
[TimeControl "180+2"]
[Date "2023.07.04"]
[WhiteClock "0:00:21"]
[BlackClock "0:00:18"]
[Board "201"]

1. e4 e5 2. Nf3 d5 3. exd5 e4 4. Qe2 Nf6 5. Nc3 Be7 6. Nxe4 O-O 7. d3 Nxd5 8. Bd2 f5 9. Nc3 Bf6 10. Qd1 Re8+ 11. Be2 Bxc3 12. bxc3 Qe7 13. c4 Nf6 14. Be3 Nc6 15. Qd2 Nh5 16. Bg5 Qe6 17. g3 h6 18. Be3 f4 19. gxf4 Qf6 20. d4 Bg4 21. O-O-O Rad8 22. Rhg1 Bf5 23. Ne5 Nxf4 24. Bf3 Nxe5 25. dxe5 Qxe5 26. Bd4 Rxd4 27. Qxd4 Ne2+ 28. Bxe2 Qxd4 29. Rxd4 Rxe2 30. Rd2 Re4 31. Rd5 Rf4 32. Rg2 Kf7 33. Kd2 g5 34. Rd8 Kg7 35. Kc3 Be4 36. Rg3 Bc6 37. Rc8 Rxf2 38. Rxc7+ Kg6 39. h4 Kh5 40. hxg5 hxg5 41. Rh7+ Kg6 42. Re7 Rf3+ 43. Rxf3 Bxf3 44. Kd4 g4 45. Ke3 Kf5 46. Rf7+ Ke5 47. Rf8 Kd6 48. Ra8 Kc5 49. Rxa7 Kxc4 50. Kd2 Kb4 51. Ra8 b5 52. a3+ Kc5 53. Rg8 Kd4 54. Rg5 Kc4 55. Kc1 Be2 56. Kb2 Bf3 57. Rf5 Be2 58. Rf4+ Kc5 59. Kc3 Bf3 60. Rf5+ Kc6 61. Rg5 Be2 62. Kb4 Kb6 63. c3 Kc6 64. Rg6+ Kd5 65. Rf6 Ke4 66. Rg6 Kf4 67. Rf6+ Kg5 68. Rf8 g3 69. Rg8+ Kf4 70. a4 bxa4 71. Kxa4 Kf3 72. Rf8+ Ke3 73. Re8+ Kf2 74. Rf8+ Bf3 75. Rg8 g2 76. c4 g1=Q 77. Rxg1 Kxg1 78. c5 Bc6+ 79. Ka5 Kf2 80. Kb6 Bd5 81. Kc7 Be4 82. Kd6 Ke3 83. Ke5 Bf3 84. Kd6 Kd4 85. c6 Bxc6 1/2-1/2


[Site "https://www.chess.com"]